A - U25
ROME BRAVES @ LAKEWOOD BLUECLAWS
08/21/2052
 
TOP OF THE 1ST
Jonesboro Growlers batting - Pitching for Asheville Tourists : RHP Easton DiStefano
Pitching: RHP Easton DiStefano
Batting: RHB Carey Speer 0-0: Ball
1-0: Called Strike
1-1: Fly out, F9 (Flyball, 89M, EV 86.2 MPH)
Batting: RHB Mark Pasquale 0-0: Ball
1-0: Ball
2-0: Called Strike
2-1: Foul Ball, location: 2F
2-2: Foul Ball, location: 2F
2-2: Ball
3-2: Fly out, F9 (Flyball, 9S, EV 89.4 MPH)
Batting: LHB Emmanuel Guzman 0-0: Ball
1-0: Called Strike
1-1: Swinging Strike
1-2: Ball
2-2: SINGLE (Line Drive, 7S, EV 92.5 MPH)
Batting: RHB Basil Dones 0-0: Ball
1-0: Foul Ball, location: 2F
1-1: Foul Ball, location: 2F
1-2: Fly out, F9 (Flyball, 9S, EV 85.0 MPH)
Top of the 1st over - 0 runs, 1 hit, 0 errors, 1 left on base; Jonesboro 0 - Asheville 0
BOTTOM OF THE 1ST
Asheville Tourists batting - Pitching for Jonesboro Growlers : RHP Dylan Mathis
Pitching: RHP Dylan Mathis
Batting: LHB Brad McGee 0-0: Swinging Strike
0-1: Ground out 4-3 (Groundball, 4, EV 78.8 MPH)
Batting: SHB Raul Maldonado 0-0: Ball
1-0: Ball
2-0: Called Strike
2-1: Foul Ball, location: 2F
2-2: Foul Ball, location: 2F
2-2: Ball
3-2: Foul Ball, location: 2F
3-2: Foul Ball, location: 2F
3-2: Base on Balls
Batting: RHB Gil Gowing 0-0: Foul Ball, location: 2F
0-1: Ball
1-1: Fly out, F8 (Line Drive, 8RM, EV 95.6 MPH)
Batting: LHB Felipe Solorio 0-0: Called Strike
0-1: Swinging Strike
0-2: Fly out, F9 (Line Drive, 9, EV 96.2 MPH)
Bottom of the 1st over - 0 runs, 0 hits, 0 errors, 1 left on base; Jonesboro 0 - Asheville 0
TOP OF THE 2ND
Jonesboro Growlers batting - Pitching for Asheville Tourists : RHP Easton DiStefano
Batting: LHB Clayton Nelson 0-0: SINGLE (Groundball, 6MD, EV 103.8 MPH)
Batting: RHB Daniel Stanislawski 0-0: Foul Ball, location: 2F
0-1: Fly out, F9 (Line Drive, 9, EV 88.8 MPH)
Batting: LHB Alexander Clements 0-0: Ball
1-0: Called Strike
1-1: Ball
2-1: Foul Ball, location: 2F
2-2: Fielders Choice at 2nd, 4-6 (Groundball, 4, EV 86.2 MPH)
Batting: RHB Nick LaFosse 0-0: Ball
1-0: Called Strike
1-1: Ball
2-1: Called Strike
2-2: Ball
3-2: Strikes out swinging
Top of the 2nd over - 0 runs, 1 hit, 0 errors, 1 left on base; Jonesboro 0 - Asheville 0
BOTTOM OF THE 2ND
Asheville Tourists batting - Pitching for Jonesboro Growlers : RHP Dylan Mathis
Batting: RHB Anthony Rowland 0-0: Ball
1-0: Swinging Strike
1-1: Ball
2-1: Ball
3-1: Called Strike
3-2: Base on Balls
Batting: RHB Frank Schwab 0-0: Swinging Strike
0-1: Fielders Choice at 2nd, 5-4 (Groundball, 5S, EV 88.1 MPH)
Batting: RHB Jorge De La Cruz 0-0: Ball
1-0: Ball
2-0: Foul Ball, location: 2F
2-1: Foul Ball, location: 2F
2-2: SINGLE (Groundball, 5S, EV 70.0 MPH) (infield hit)
Frank Schwab to second
Batting: RHB Salvador Ferreira 0-0: Foul Ball, location: 2F
0-1: Ball
1-1: SINGLE (Line Drive, 9S, EV 98.1 MPH)
Frank Schwab to third
Jorge De La Cruz to second
Runner from 3rd tries for Home, SAFE, throw by RF to home
Batting: RHB Alex Bonner 0-0: Fielders Choice at 2nd, 6-4 (Groundball, 6, EV 103.8 MPH)
Jorge De La Cruz to third
Batting: LHB Brad McGee 0-0: Swinging Strike
0-1: Called Strike
0-2: Strikes out swinging
Bottom of the 2nd over - 1 run, 2 hits, 0 errors, 2 left on base; Jonesboro 0 - Asheville 1
TOP OF THE 3RD
Jonesboro Growlers batting - Pitching for Asheville Tourists : RHP Easton DiStefano
Batting: RHB Robbie Wang 0-0: Ball
1-0: Fly out, F6 (Line Drive, 6, EV 73.1 MPH)
Batting: RHB Carey Speer 0-0: Called Strike
0-1: Fly out, F9 (Flyball, 89M, EV 90.0 MPH)
Batting: RHB Mark Pasquale 0-0: Called Strike
0-1: Ball
1-1: Ball
2-1: Foul Ball, location: 2F
2-2: Ball
3-2: Foul Ball, location: 2F
3-2: SINGLE (Line Drive, 8RS, EV 95.6 MPH)
Batting: LHB Emmanuel Guzman 0-0: Ball
1-0: Ball
2-0: Called Strike
2-1: Swinging Strike
2-2: Ball
3-2: SINGLE (Line Drive, 78S, EV 90.0 MPH)
Mark Pasquale to second
Mark Pasquale to third
Batting: RHB Basil Dones 0-0: Ball
1-0: SINGLE (Groundball, 5D, EV 104.4 MPH)
Mark Pasquale scores
Emmanuel Guzman to second
Batting: LHB Clayton Nelson 0-0: Fly out, F7 (Flyball, 7LS, EV 85.6 MPH)
Top of the 3rd over - 1 run, 3 hits, 0 errors, 2 left on base; Jonesboro 1 - Asheville 1
BOTTOM OF THE 3RD
Asheville Tourists batting - Pitching for Jonesboro Growlers : RHP Dylan Mathis
Batting: SHB Raul Maldonado 0-0: Ball
1-0: Foul Ball, location: 2F
1-1: SINGLE (Line Drive, 89M, EV 105.6 MPH)
Batting: RHB Gil Gowing 0-0: Ball
1-0: Called Strike
1-1: Ball
2-1: Swinging Strike
2-2: Strikes out swinging
Batting: LHB Felipe Solorio 0-0: Called Strike
0-1: Ball
1-1: Foul Ball, location: 2F
1-2: Strikes out looking
Batting: RHB Anthony Rowland 0-0: Swinging Strike
0-1: Ball
1-1: Fielders Choice at 2nd, 6-4 (Groundball, 6, EV 101.9 MPH)
Bottom of the 3rd over - 0 runs, 1 hit, 0 errors, 1 left on base; Jonesboro 1 - Asheville 1
TOP OF THE 4TH
Jonesboro Growlers batting - Pitching for Asheville Tourists : RHP Easton DiStefano
Batting: RHB Daniel Stanislawski 0-0: Foul Ball, location: 2F
0-1: Ball
1-1: Ball
2-1: Swinging Strike
2-2: Strikes out swinging
Batting: LHB Alexander Clements 0-0: Foul Ball, location: 2F
0-1: Swinging Strike
0-2: Single, Error in OF, E8, batter to second base (Groundball, 4D, EV 96.2 MPH)
Batting: RHB Nick LaFosse 0-0: Ball
1-0: Swinging Strike
1-1: Swinging Strike
1-2: Ball
2-2: Ball
3-2: Foul Ball, location: 2F
3-2: Foul Ball, location: 2F
3-2: Strikes out swinging
Batting: RHB Robbie Wang 0-0: Called Strike
0-1: Ball
1-1: Ball
2-1: Foul Ball, location: 2F
2-2: Ground out 4-3 (Groundball, 4, EV 110.0 MPH)
Top of the 4th over - 0 runs, 1 hit, 1 error, 1 left on base; Jonesboro 1 - Asheville 1
BOTTOM OF THE 4TH
Asheville Tourists batting - Pitching for Jonesboro Growlers : RHP Dylan Mathis
Batting: RHB Frank Schwab 0-0: Ball
1-0: Ball
2-0: DOUBLE (Line Drive, 8LXD, EV 106.2 MPH) - OUT at third base trying to stretch hit.
Batting: RHB Jorge De La Cruz 0-0: Called Strike
0-1: Ball
1-1: Fly out, F4 (Flyball, 34D, EV 75.6 MPH)
Batting: RHB Salvador Ferreira 0-0: Called Strike
0-1: Ball
1-1: Fly out, F8 (Flyball, 8LXD, EV 105.0 MPH)
Bottom of the 4th over - 0 runs, 1 hit, 0 errors, 0 left on base; Jonesboro 1 - Asheville 1
TOP OF THE 5TH
Jonesboro Growlers batting - Pitching for Asheville Tourists : RHP Easton DiStefano
Batting: RHB Carey Speer 0-0: Ball
1-0: Called Strike
1-1: Ball
2-1: Foul Ball, location: 2F
2-2: Ground out 5-3 (Groundball, 56, EV 83.8 MPH)
Batting: RHB Mark Pasquale 0-0: Ground out 4-3 (Groundball, 4, EV 83.1 MPH)
Batting: LHB Emmanuel Guzman 0-0: Ball
1-0: Foul Ball, location: 2F
1-1: Ball
2-1: Ball
3-1: Base on Balls
Pitching: RHP Nicolas Fernandes
Batting: RHB Basil Dones 0-0: Ball
1-0: Ball
2-0: SINGLE (Line Drive, 34D, EV 106.9 MPH)
Emmanuel Guzman to second
Batting: LHB Clayton Nelson 0-0: 3-RUN HOME RUN (Flyball, 89XD, EV 96.9 MPH), Distance : 381 ft
Batting: RHB Daniel Stanislawski 0-0: Ball
1-0: Foul Ball, location: 2F
1-1: Fly out, F5 (Line Drive, 5, EV 62.5 MPH)
Top of the 5th over - 3 runs, 2 hits, 0 errors, 0 left on base; Jonesboro 4 - Asheville 1
BOTTOM OF THE 5TH
Asheville Tourists batting - Pitching for Jonesboro Growlers : RHP Dylan Mathis
Batting: RHB Alex Bonner 0-0: Swinging Strike
0-1: Ground out 5-3 (Groundball, 5L, EV 78.8 MPH)
Batting: LHB Brad McGee 0-0: Fly out, F4 (Flyball, 34D, EV 83.8 MPH)
Batting: SHB Raul Maldonado 0-0: Called Strike
0-1: Fly out, F7 (Flyball, 7S, EV 87.5 MPH)
Bottom of the 5th over - 0 runs, 0 hits, 0 errors, 0 left on base; Jonesboro 4 - Asheville 1
TOP OF THE 6TH
Jonesboro Growlers batting - Pitching for Asheville Tourists : RHP Nicolas Fernandes
Batting: LHB Alexander Clements 0-0: Fly out, F9 (Line Drive, 9D, EV 88.8 MPH)
Batting: RHB Nick LaFosse 0-0: Called Strike
0-1: Fly out, F8 (Flyball, 8RD, EV 99.4 MPH)
Batting: RHB Robbie Wang 0-0: Ball
1-0: Foul Ball, location: 2F
1-1: Foul Ball, location: 2F
1-2: Ball
2-2: Fly out, F3 (Popup, 34, EV 61.9 MPH)
Top of the 6th over - 0 runs, 0 hits, 0 errors, 0 left on base; Jonesboro 4 - Asheville 1
BOTTOM OF THE 6TH
Asheville Tourists batting - Pitching for Jonesboro Growlers : RHP Dylan Mathis
Batting: RHB Gil Gowing 0-0: Called Strike
0-1: Ball
1-1: Ground out 6-3 (Groundball, 6D, EV 92.5 MPH)
Batting: LHB Felipe Solorio 0-0: Swinging Strike
0-1: Ball
1-1: Fly out, F1 (Popup, P, EV 80.0 MPH)
Batting: RHB Anthony Rowland 0-0: Ball
1-0: Fly out, F8 (Flyball, 8RD, EV 81.9 MPH)
Bottom of the 6th over - 0 runs, 0 hits, 0 errors, 0 left on base; Jonesboro 4 - Asheville 1
TOP OF THE 7TH
Jonesboro Growlers batting - Pitching for Asheville Tourists : RHP Nicolas Fernandes
Batting: RHB Carey Speer 0-0: Called Strike
0-1: Ball
1-1: Ground out 3-1 (Groundball, 34S, EV 85.0 MPH)
Batting: RHB Mark Pasquale 0-0: Called Strike
0-1: Fly out, F7 (Line Drive, 7, EV 111.2 MPH)
Batting: LHB Emmanuel Guzman 0-0: Called Strike
0-1: Ball
1-1: Foul Ball, location: 2F
1-2: Strikes out swinging
Top of the 7th over - 0 runs, 0 hits, 0 errors, 0 left on base; Jonesboro 4 - Asheville 1
BOTTOM OF THE 7TH
Asheville Tourists batting - Pitching for Jonesboro Growlers : RHP Dylan Mathis
Batting: RHB Frank Schwab 0-0: Ball
1-0: Called Strike
1-1: Fly out, F9 (Flyball, 9, EV 91.9 MPH)
Batting: RHB Jorge De La Cruz 0-0: Foul Ball, location: 2F
0-1: Ball
1-1: Ball
2-1: Foul Ball, location: 2F
2-2: Foul Ball, location: 2F
2-2: Fly out, F3 (Popup, 3SF, EV 70.0 MPH)
Batting: RHB Salvador Ferreira 0-0: Ball
1-0: Swinging Strike
1-1: Foul Ball, location: 2F
1-2: Ball
2-2: Ball
3-2: Base on Balls
Batting: RHB Alex Bonner 0-0: Ball
1-0: Ground out U3 (Groundball, 3L, EV 85.6 MPH)
Bottom of the 7th over - 0 runs, 0 hits, 0 errors, 1 left on base; Jonesboro 4 - Asheville 1
TOP OF THE 8TH
Jonesboro Growlers batting - Pitching for Asheville Tourists : RHP Nicolas Fernandes
Batting: RHB Basil Dones 0-0: Ball
1-0: Ground out 6-3 (Groundball, 6, EV 89.4 MPH)
Batting: LHB Clayton Nelson 0-0: Called Strike
0-1: Ball
1-1: Ball
2-1: Swinging Strike
2-2: Strikes out looking
Pitching: RHP Manny Salazar
Batting: RHB Daniel Stanislawski 0-0: Ball
1-0: Called Strike
1-1: Ball
2-1: Ground out 6-3 (Groundball, 56, EV 85.6 MPH)
Top of the 8th over - 0 runs, 0 hits, 0 errors, 0 left on base; Jonesboro 4 - Asheville 1
BOTTOM OF THE 8TH
Asheville Tourists batting - Pitching for Jonesboro Growlers : RHP Dylan Mathis
Pitching: RHP Payton Wilson
Batting: LHB Brad McGee 0-0: Ball
1-0: Swinging Strike
1-1: Ball
2-1: Fly out, F7 (Flyball, 78D, EV 94.4 MPH)
Batting: SHB Raul Maldonado 0-0: Foul Ball, location: 2F
0-1: Ball
1-1: Foul Ball, location: 2F
1-2: Ball
2-2: Ball
3-2: SINGLE (Groundball, 5S, EV 69.4 MPH) (infield hit)
Batting: RHB Gil Gowing 0-0: SINGLE (Line Drive, 6D, EV 105.0 MPH)
Raul Maldonado to second
Batting: LHB Felipe Solorio 0-0: Foul Ball, location: 2F
0-1: Grounds into double play, 4-6-3 (Groundball, 4, EV 98.1 MPH)
Bottom of the 8th over - 0 runs, 2 hits, 0 errors, 1 left on base; Jonesboro 4 - Asheville 1
TOP OF THE 9TH
Jonesboro Growlers batting - Pitching for Asheville Tourists : RHP Manny Salazar
Batting: LHB Alexander Clements 0-0: Foul Ball, location: 2F
0-1: Foul Ball, location: 2F
0-2: Foul Ball, location: 2F
0-2: Fly out, F8 (Flyball, 78D, EV 90.6 MPH)
Batting: RHB Nick LaFosse 0-0: Ball
1-0: Called Strike
1-1: Ball
2-1: SINGLE (Groundball, 4MD, EV 102.5 MPH)
Batting: RHB Robbie Wang 0-0: Ball
1-0: Foul Ball, location: 2F
1-1: Fly out, F9 (Flyball, 89M, EV 85.6 MPH)
Batting: RHB Carey Speer 0-0: Ball
1-0: Called Strike
Nick LaFosse steals 2nd, throwing error, E2
Nick LaFosse to third
1-1: Called Strike
1-2: Strikes out swinging, 2-3 out at first.
Top of the 9th over - 0 runs, 1 hit, 1 error, 1 left on base; Jonesboro 4 - Asheville 1
BOTTOM OF THE 9TH
Asheville Tourists batting - Pitching for Jonesboro Growlers : RHP Payton Wilson
Pitching: RHP Ángel Elizondo
Batting: RHB Anthony Rowland 0-0: Foul Ball, location: 2F
0-1: Swinging Strike
0-2: Fly out, F9 (Flyball, 9, EV 80.0 MPH)
Batting: RHB Frank Schwab 0-0: Ball
1-0: Ball
2-0: Ball
3-0: Called Strike
3-1: Fly out, F7 (Line Drive, 7, EV 93.8 MPH)
Pinch Hitting: LHB Apollito Badillo 0-0: Foul Ball, location: 2F
0-1: Ball
1-1: Fly out, F8 (Line Drive, 8LD, EV 92.5 MPH)
Bottom of the 9th over - 0 runs, 0 hits, 0 errors, 0 left on base; Jonesboro 4 - Asheville 1
Saturday, May 4th , 2024 - OOTP Baseball 24.11 Build 85